TOP OF THE 1ST |
New Orleans Looters batting - Pitching for Birmingham Steeldogs : RHP Arthur Green
|
Pitching: RHP Arthur Green
|
|
Batting: RHB Francisco Ibarra
|
0-0: Called Strike 0-1: Swinging Strike 0-2: Strikes out swinging
|
Batting: LHB José Esparza
|
0-0: Foul Ball, location: 2F 0-1: Ball 1-1: Ball 2-1: Ball 3-1: Base on Balls
|
Batting: RHB Stephen Shaw
|
0-0: Ball 1-0: Called Strike 1-1: Ball 2-1: DOUBLE (Line Drive, 7LS) José Esparza to third Runner from 3rd tries for Home, SAFE, throw made home
|
Batting: RHB Jimmy Simon
|
0-0: Called Strike 0-1: Swinging Strike 0-2: Ball 1-2: Ball 2-2: Ball 3-2: Foul Ball, location: 2F 3-2: SINGLE (Flyball, 3D) - OUT at second base trying to stretch hit. Stephen Shaw scores
|
Batting: LHB Fernando Ramos
|
0-0: Swinging Strike 0-1: Ball 1-1: Called Strike 1-2: Strikes out swinging
|
Top of the 1st over - 2 run(s), 2 hit(s), 0 error(s), 0 left on base; New Orleans 2 - Birmingham 0 |
BOTTOM OF THE 1ST |
Birmingham Steeldogs batting - Pitching for New Orleans Looters : RHP Marty Bradford
|
Pitching: RHP Marty Bradford
|
|
Batting: LHB José Sánchez
|
0-0: Ground out 3-1 (Groundball, 34S)
|
Batting: LHB Glenn Garrett
|
0-0: Ball 1-0: Foul Ball, location: 2F 1-1: Ball 2-1: Ground out 4-3 (Groundball, 4)
|
Batting: LHB Arturo Molina
|
0-0: Swinging Strike 0-1: Ball 1-1: Ball 2-1: Fly out, F7 (Flyball, 7M)
|
Bottom of the 1st over - 0 run(s), 0 hit(s), 0 error(s), 0 left on base; New Orleans 2 - Birmingham 0 |
TOP OF THE 2ND |
New Orleans Looters batting - Pitching for Birmingham Steeldogs : RHP Arthur Green
|
Batting: SHB Toshinobu Tanaka
|
0-0: Ball 1-0: Called Strike 1-1: Foul Ball, location: 2F 1-2: Foul Ball, location: 2F 1-2: Strikes out swinging
|
Batting: RHB Dave O'Loan
|
0-0: Ball 1-0: Called Strike 1-1: Ball 2-1: Ball 3-1: Base on Balls
|
Batting: LHB Miguel Castillo
|
0-0: Fly out, F7 (Flyball, 78D)
|
Batting: RHB António Yánez
|
0-0: Ball 1-0: Ball 2-0: Ball 3-0: Base on Balls Dave O'Loan to second
|
Batting: RHB Francisco Ibarra
|
0-0: Ball 1-0: Ball 2-0: Ball 3-0: Base on Balls Dave O'Loan to third António Yánez to second
|
Batting: LHB José Esparza
|
0-0: Ball 1-0: Ball 2-0: Called Strike 2-1: Foul Ball, location: 2F 2-2: Fly out, F4 (Line Drive, 4M)
|
Top of the 2nd over - 0 run(s), 0 hit(s), 0 error(s), 3 left on base; New Orleans 2 - Birmingham 0 |
BOTTOM OF THE 2ND |
Birmingham Steeldogs batting - Pitching for New Orleans Looters : RHP Marty Bradford
|
Batting: SHB Jesús Ramírez
|
0-0: SINGLE (Line Drive, 89S)
|
Batting: LHB Mitchell Oglethorpe
|
0-0: Called Strike 0-1: Called Strike 0-2: Foul Ball, location: 2F 0-2: Ball 1-2: Strikes out looking Jesús Ramírez is caught stealing 2nd base Batter strikes out.
|
Batting: LHB Ben Kelley
|
0-0: Foul Ball, location: 2F 0-1: Called Strike 0-2: Ball 1-2: SINGLE (Groundball, 3L) (infield hit)
|
Batting: RHB Raúl Soto
|
0-0: Called Strike 0-1: Ball 1-1: Ball 2-1: Foul Ball, location: 2F 2-2: Strikes out swinging
|
Bottom of the 2nd over - 0 run(s), 2 hit(s), 0 error(s), 1 left on base; New Orleans 2 - Birmingham 0 |
TOP OF THE 3RD |
New Orleans Looters batting - Pitching for Birmingham Steeldogs : RHP Arthur Green
|
Batting: RHB Stephen Shaw
|
0-0: Ground out 6-3 (Groundball, 6)
|
Batting: RHB Jimmy Simon
|
0-0: Called Strike 0-1: Foul Ball, location: 2F 0-2: Ball 1-2: Ball 2-2: SINGLE (Line Drive, 4MD)
|
Batting: LHB Fernando Ramos
|
0-0: Foul Ball, location: 2F 0-1: Ball 1-1: Swinging Strike 1-2: Fly out, F6 (Popup, 6D)
|
Batting: SHB Toshinobu Tanaka
|
0-0: Swinging Strike 0-1: Ball 1-1: Ball 2-1: Ball 3-1: Swinging Strike 3-2: Strikes out swinging
|
Top of the 3rd over - 0 run(s), 1 hit(s), 0 error(s), 1 left on base; New Orleans 2 - Birmingham 0 |
BOTTOM OF THE 3RD |
Birmingham Steeldogs batting - Pitching for New Orleans Looters : RHP Marty Bradford
|
Batting: RHB Mario Hernández
|
0-0: Called Strike 0-1: Ball 1-1: Swinging Strike 1-2: Fly out, F8 (Flyball, 8RM)
|
Batting: RHB Paço Ttes
|
0-0: Swinging Strike 0-1: Ball 1-1: Foul Ball, location: 2F 1-2: Strikes out looking
|
Batting: LHB José Sánchez
|
0-0: Ball 1-0: Swinging Strike 1-1: Ball 2-1: Foul Ball, location: 2F 2-2: Foul Ball, location: 2F 2-2: Foul Ball, location: 2F 2-2: Foul Ball, location: 2F 2-2: SINGLE (Line Drive, 4MD)
|
Batting: LHB Glenn Garrett
|
0-0: Fly out, F9 (Line Drive, 9LM)
|
Bottom of the 3rd over - 0 run(s), 1 hit(s), 0 error(s), 1 left on base; New Orleans 2 - Birmingham 0 |
TOP OF THE 4TH |
New Orleans Looters batting - Pitching for Birmingham Steeldogs : RHP Arthur Green
|
Batting: RHB Dave O'Loan
|
0-0: Swinging Strike 0-1: Swinging Strike 0-2: Ball 1-2: Strikes out swinging
|
Batting: LHB Miguel Castillo
|
0-0: Foul Ball, location: 2F 0-1: Ball 1-1: Ball 2-1: DOUBLE (Line Drive, 9LM)
|
Batting: RHB António Yánez
|
0-0: Foul Ball, location: 2F 0-1: Swinging Strike 0-2: Ball 1-2: Foul Ball, location: 2F 1-2: Ball 2-2: Strikes out swinging
|
Batting: RHB Francisco Ibarra
|
0-0: Ball 1-0: Ground out 6-3 (Groundball, 6)
|
Top of the 4th over - 0 run(s), 1 hit(s), 0 error(s), 1 left on base; New Orleans 2 - Birmingham 0 |
BOTTOM OF THE 4TH |
Birmingham Steeldogs batting - Pitching for New Orleans Looters : RHP Marty Bradford
|
Batting: LHB Arturo Molina
|
0-0: Ball 1-0: Ball 2-0: Foul Ball, location: 2F 2-1: Ball 3-1: Base on Balls
|
Batting: SHB Jesús Ramírez
|
0-0: Called Strike 0-1: Ball 1-1: Ball 2-1: Foul Ball, location: 2F 2-2: Foul Ball, location: 2F 2-2: Foul Ball, location: 2F 2-2: Foul Ball, location: 2F 2-2: Foul Ball, location: 2F 2-2: Fly out, F4 (Line Drive, 4)
|
Batting: LHB Mitchell Oglethorpe
|
0-0: Ground out U3 (Groundball, 3S) Arturo Molina to second
|
Batting: LHB Ben Kelley
|
0-0: Swinging Strike 0-1: Foul Ball, location: 2F 0-2: Foul Ball, location: 2F 0-2: Foul Ball, location: 2F 0-2: Ball 1-2: Fly out, F6 (Popup, 6MS)
|
Bottom of the 4th over - 0 run(s), 0 hit(s), 0 error(s), 1 left on base; New Orleans 2 - Birmingham 0 |
TOP OF THE 5TH |
New Orleans Looters batting - Pitching for Birmingham Steeldogs : RHP Arthur Green
|
Batting: LHB José Esparza
|
0-0: Foul Ball, location: 2F 0-1: Ball 1-1: Ball 2-1: Swinging Strike 2-2: Ground out 4-3 (Groundball, 34)
|
Batting: RHB Stephen Shaw
|
0-0: Ball 1-0: Called Strike 1-1: Ball 2-1: Ball 3-1: Base on Balls
|
Batting: RHB Jimmy Simon
|
0-0: Called Strike 0-1: Swinging Strike 0-2: Strikes out swinging
|
Batting: LHB Fernando Ramos
|
0-0: Ball 1-0: SINGLE (Line Drive, 9LS) Stephen Shaw to second
|
Batting: SHB Toshinobu Tanaka
|
0-0: Ball 1-0: Ball 2-0: SINGLE (Groundball, 56) Stephen Shaw to third Fernando Ramos to second
|
Batting: RHB Dave O'Loan
|
0-0: Fielders Choice at 2nd, U4 (Groundball, 4M)
|
Top of the 5th over - 0 run(s), 2 hit(s), 0 error(s), 3 left on base; New Orleans 2 - Birmingham 0 |
BOTTOM OF THE 5TH |
Birmingham Steeldogs batting - Pitching for New Orleans Looters : RHP Marty Bradford
|
Batting: RHB Raúl Soto
|
0-0: Ball 1-0: Called Strike 1-1: Ball 2-1: Ball 3-1: Fly out, F7 (Flyball, 7D)
|
Batting: RHB Mario Hernández
|
0-0: Called Strike 0-1: Fly out, F7 (Flyball, 78D)
|
Batting: RHB Paço Ttes
|
0-0: Called Strike 0-1: Ball 1-1: SINGLE (Groundball, 6MD)
|
Batting: LHB José Sánchez
|
0-0: Foul Ball, location: 2F 0-1: Ball 1-1: Fielders Choice at 2nd, 6-4 (Groundball, 6)
|
Bottom of the 5th over - 0 run(s), 1 hit(s), 0 error(s), 0 left on base; New Orleans 2 - Birmingham 0 |
TOP OF THE 6TH |
New Orleans Looters batting - Pitching for Birmingham Steeldogs : RHP Arthur Green
|
Pitching: RHP Barton Johnson
|
|
Batting: LHB Miguel Castillo
|
0-0: Ball 1-0: Called Strike 1-1: Ball 2-1: Foul Ball, location: 2F 2-2: Ball 3-2: Strikes out swinging
|
Batting: RHB António Yánez
|
0-0: Ball 1-0: Ball 2-0: Ball 3-0: Called Strike 3-1: Base on Balls
|
Batting: RHB Francisco Ibarra
|
0-0: Called Strike 0-1: Ball 1-1: Ball 2-1: Foul Ball, location: 2F 2-2: Strikes out swinging
|
Batting: LHB José Esparza
|
0-0: Ball 1-0: Foul Ball, location: 2F 1-1: Ball 2-1: Ball 3-1: Swinging Strike 3-2: Fly out, F4 (Line Drive, 4)
|
Top of the 6th over - 0 run(s), 0 hit(s), 0 error(s), 1 left on base; New Orleans 2 - Birmingham 0 |
BOTTOM OF THE 6TH |
Birmingham Steeldogs batting - Pitching for New Orleans Looters : RHP Marty Bradford
|
Batting: LHB Glenn Garrett
|
0-0: Foul Ball, location: 2F 0-1: Ground out 6-3 (Groundball, 6M)
|
Batting: LHB Arturo Molina
|
0-0: Called Strike 0-1: Foul Ball, location: 2F 0-2: Ball 1-2: Strikes out swinging
|
Batting: SHB Jesús Ramírez
|
0-0: Called Strike 0-1: Foul Ball, location: 2F 0-2: Ball 1-2: Ground out U3 (Groundball, 3)
|
Bottom of the 6th over - 0 run(s), 0 hit(s), 0 error(s), 0 left on base; New Orleans 2 - Birmingham 0 |
TOP OF THE 7TH |
New Orleans Looters batting - Pitching for Birmingham Steeldogs : RHP Barton Johnson
|
Batting: RHB Stephen Shaw
|
0-0: Ball 1-0: Ball 2-0: Foul Ball, location: 2F 2-1: Ball 3-1: Called Strike 3-2: Foul Ball, location: 2F 3-2: Reached on error, E5 (Groundball, 56)
|
Batting: RHB Jimmy Simon
|
0-0: Swinging Strike 0-1: Grounds into double play, 1-4-3 (Groundball, 13S)
|
Batting: LHB Fernando Ramos
|
0-0: Ball 1-0: Foul Ball, location: 2F 1-1: Called Strike 1-2: Strikes out swinging
|
Top of the 7th over - 0 run(s), 0 hit(s), 1 error(s), 0 left on base; New Orleans 2 - Birmingham 0 |
BOTTOM OF THE 7TH |
Birmingham Steeldogs batting - Pitching for New Orleans Looters : RHP Marty Bradford
|
Batting: LHB Mitchell Oglethorpe
|
0-0: Swinging Strike 0-1: Foul Ball, location: 2F 0-2: Hit by Pitch
|
Batting: LHB Ben Kelley
|
0-0: Called Strike 0-1: Ball 1-1: Foul Ball, location: 2F 1-2: Ball 2-2: Foul Ball, location: 2F 2-2: Fly out, F8 (Line Drive, 8LS)
|
Batting: RHB Raúl Soto
|
0-0: Called Strike 0-1: Ball Passed Ball! Mitchell Oglethorpe to second 1-1: Swinging Strike 1-2: Foul Ball, location: 2F 1-2: Ball 2-2: Ball 3-2: Ground out 6-3 (Groundball, 6M) Mitchell Oglethorpe to third
|
Pitching: RHP Keith Harper
|
|
Batting: RHB Mario Hernández
|
0-0: Called Strike 0-1: Ball 1-1: Ball 2-1: Foul Ball, location: 2F 2-2: Ball 3-2: Foul Ball, location: 2F 3-2: Base on Balls
|
Batting: RHB Paço Ttes
|
0-0: Ball 1-0: Called Strike 1-1: Swinging Strike 1-2: Ground out 6-3 (Groundball, 6)
|
Bottom of the 7th over - 0 run(s), 0 hit(s), 0 error(s), 2 left on base; New Orleans 2 - Birmingham 0 |
TOP OF THE 8TH |
New Orleans Looters batting - Pitching for Birmingham Steeldogs : RHP Barton Johnson
|
Pitching: RHP David Simpson
|
|
Batting: SHB Toshinobu Tanaka
|
0-0: Called Strike 0-1: Ground out 4-3 (Groundball, 4)
|
Batting: RHB Dave O'Loan
|
0-0: Foul Ball, location: 2F 0-1: Foul Ball, location: 2F 0-2: Strikes out looking
|
Batting: LHB Miguel Castillo
|
0-0: Ground out 4-3 (Groundball, 34)
|
Top of the 8th over - 0 run(s), 0 hit(s), 0 error(s), 0 left on base; New Orleans 2 - Birmingham 0 |
BOTTOM OF THE 8TH |
Birmingham Steeldogs batting - Pitching for New Orleans Looters : RHP Keith Harper
|
Now at C: Dominic Turner
|
|
Batting: LHB José Sánchez
|
0-0: Swinging Strike 0-1: Ball 1-1: Ball 2-1: Ball 3-1: Base on Balls
|
Pitching: LHP Tadao Yoshida
|
|
Batting: LHB Glenn Garrett
|
0-0: Swinging Strike 0-1: Ball 1-1: Ball 2-1: Ball 3-1: Foul Ball, location: 2F 3-2: Foul Ball, location: 2F 3-2: Reached on error, E4 (Groundball, 4) José Sánchez to second
|
Batting: LHB Arturo Molina
|
0-0: Foul Ball, location: 2F 0-1: Ball 1-1: Ball 2-1: Called Strike 2-2: Grounds into double play, 6-4-3 (Groundball, 6) José Sánchez to third
|
Batting: SHB Jesús Ramírez
|
0-0: Ball 1-0: Ball 2-0: Called Strike 2-1: Ball 3-1: Swinging Strike 3-2: Fly out, F8 (Flyball, 89S)
|
Bottom of the 8th over - 0 run(s), 0 hit(s), 1 error(s), 1 left on base; New Orleans 2 - Birmingham 0 |
TOP OF THE 9TH |
New Orleans Looters batting - Pitching for Birmingham Steeldogs : RHP David Simpson
|
Batting: RHB António Yánez
|
0-0: Called Strike 0-1: SINGLE (Groundball, 4M)
|
Batting: RHB Francisco Ibarra
|
0-0: Bunted foul 0-1: Ball 1-1: Ball António Yánez steals 2nd base 2-1: Sac Bunt - play at first, batter OUT! 1-4 António Yánez to third
|
Batting: LHB José Esparza
|
0-0: Foul Ball, location: 2F 0-1: Foul Ball, location: 2F 0-2: Ball 1-2: Ball 2-2: Strikes out looking
|
Batting: RHB Stephen Shaw
|
0-0: Ball 1-0: Ball 2-0: Ball 3-0: Called Strike 3-1: Foul Ball, location: 2F 3-2: Base on Balls
|
Batting: RHB Jimmy Simon
|
0-0: Ball 1-0: DOUBLE (Line Drive, 7LS) António Yánez scores Stephen Shaw to third
|
Batting: RHB Dominic Turner
|
0-0: Ball 1-0: 3-RUN HOME RUN (Flyball, 89XD), Distance : 380 ft
|
Pitching: RHP Anastasio Freitas
|
|
Batting: SHB Toshinobu Tanaka
|
0-0: Called Strike 0-1: Ball 1-1: Called Strike 1-2: Foul Ball, location: 2F 1-2: Ball 2-2: Ground out 6-3 (Groundball, 6)
|
Top of the 9th over - 4 run(s), 3 hit(s), 0 error(s), 0 left on base; New Orleans 6 - Birmingham 0 |
BOTTOM OF THE 9TH |
Birmingham Steeldogs batting - Pitching for New Orleans Looters : LHP Tadao Yoshida
|
Batting: LHB Mitchell Oglethorpe
|
0-0: Called Strike 0-1: Ball 1-1: Foul Ball, location: 2F 1-2: Foul Ball, location: 2F 1-2: Ball 2-2: Ground out U3 (Groundball, 3L)
|
Batting: LHB Ben Kelley
|
0-0: Foul Ball, location: 2F 0-1: DOUBLE (Line Drive, 9LD)
|
Batting: RHB Raúl Soto
|
0-0: Foul Ball, location: 2F 0-1: Called Strike 0-2: Ball 1-2: Strikes out looking
|
Batting: RHB Mario Hernández
|
0-0: Ball 1-0: Ground out 6-3 (Groundball, 6M)
|
Bottom of the 9th over - 0 run(s), 1 hit(s), 0 error(s), 1 left on base; New Orleans 6 - Birmingham 0 |
|